 Dungeon Crawl Stone Soup version 0.17.1-2-g5865329 (webtiles) character file.

91 xeno23 the Charmwright (level 4, -4/30 HPs)
             Began as a High Elf Skald on Jan 31, 2016.
             Slain by Grinder (8 damage)
             ... while paralysed by Grinder
             ... on level 3 of the Dungeon.
             The game lasted 00:09:50 (1480 turns).

xeno23 the Charmwright (High Elf Skald)             Turns: 1480, Time: 00:09:50

Health: -4/30      AC:  4    Str: 12      XL:     4   Next: 33%
Magic:  4/9        EV:  2    Int: 16      God:
Gold:   84         SH:  0    Dex: 13 (14) Spells: 3 memorised, 2 levels left

rFire  . . .     SeeInvis .     i - +1 dagger (drain)
rCold  + . .     Clarity  .     b - +0 leather armour
rNeg   . . .     SustAt   +     (no shield)
rPois  .         Gourm    .     (no helmet)
rElec  .         Spirit   .     s - +0 cloak
rCorr  .         Warding  .     (no gloves)
rMut   .         Stasis   .     (no boots)
MR     .....                    (no amulet)
Stlth  +.........               q - ring of protection from cold
                                h - ring of sustain attributes

@: paralysed, not resistant to hostile enchantments, very unstealthy
A: no striking features
a: no special abilities


You were on level 3 of the Dungeon.
You were near starving.

You visited 1 branch of the dungeon, and saw 3 of its levels.

You collected 84 gold pieces.

Inventory:

Hand Weapons
 a - a +0 falchion
 i - a +1 dagger of draining (weapon)
Armour
 b - a +0 leather armour (worn)
 s - a +0 cloak (worn)
Jewellery
 h - a ring of sustain attributes (left hand)
 q - a ring of protection from cold (right hand)
Scrolls
 f - a scroll of enchant armour {unknown}
 g - 5 scrolls of identify {unknown}
 j - a scroll of enchant weapon {unknown}
 l - a scroll of fog {unknown}
 m - 2 scrolls of remove curse {unknown}
Potions
 p - a potion of cancellation
Books
 c - a book of Battle

   Spells                             Type                      Level
   a - Infusion                       Charms                       1
   b - Shroud of Golubria             Charms/Translocation         2
   c - Song of Slaying                Charms                       2
   d - Spectral Weapon                Hexes/Charms                 3
   e - Regeneration                   Charms/Necromancy            3
Comestibles
 d - 2 bread rations


   Skills:
 * Level 2.8 Fighting
 * Level 3.7 Long Blades
 + Level 1.4 Armour
 + Level 1.7 Dodging
 + Level 2.7 Spellcasting
 + Level 4.1 Charms


You had 2 spell levels left.
You knew the following spells:

 Your Spells              Type           Power        Failure   Level  Hunger
a - Infusion              Chrm           ###...       6%          1    #......
d - Shroud of Golubria    Chrm/Tloc      #.........   17%         2    ##.....
e - Regeneration          Chrm/Necr      #.........   34%         3    ###....


Dungeon Overview and Level Annotations

Branches:
Dungeon (3/15)

Altars:

Annotations:
D:3 exclusions: giant newt, goblin and 17 more exclusions, Grinder


Message History

Grinder gestures.
Grinder blinks!
Unknown command.
Unknown command.
Quiver which item? (- for none, * to show all) (? for menu, Esc to quit)
Quivering
n - 2 slices of pizza for throwing.
Tossing away (i - inventory):
n - 2 slices of pizza (quivered)
Press: ? - help, Shift-Dir - straight line, f - Grinder
Aim: Grinder You toss away a slice of pizza.
The slice of pizza barely misses Grinder.
Tossing away (i - inventory):
n - a slice of pizza (quivered)
Press: ? - help, Shift-Dir - straight line, f/p - Grinder
Aim: Grinder You toss away a slice of pizza.
The slice of pizza hits Grinder but does no damage.
Grinder gestures at you.
You suddenly lose the ability to move!
Grinder hits you!
You die...

### ##.# #K#..... #.#
#5#####. #.# #.....#.
#.# #.....#. #.#
#.....#! #.# ##.....#r
#.# #.....##.
#.#############ยง#######
#.....@5........#
#......)........#
#.........%.....#
################# #.#
#.# #.# #.#


You could see Grinder.

Vanquished Creatures
  4 adders
  A worm (D:2)
  A ball python (D:3)
  9 bats
  2 hobgoblins
  2 jackals (D:2)
  4 giant cockroaches (D:1)
  A giant gecko (D:1)
  6 giant newts
  8 goblins
  6 kobolds
  14 rats
58 creatures vanquished.

Notes
Turn   | Place    | Note
--------------------------------------------------------------
     0 | D:1      | xeno23 the High Elf Skald began the quest for the Orb.
     0 | D:1      | Reached XP level 1. HP: 14/14 MP: 4/4
   105 | D:1      | Reached XP level 2. HP: 13/19 MP: 1/6
   118 | D:1      | Learned a level 2 spell: Shroud of Golubria
   188 | D:1      | Reached skill level 1 in Armour
   525 | D:1      | Reached XP level 3. HP: 23/25 MP: 7/7
   631 | D:2      | Learned a level 3 spell: Regeneration
   752 | D:2      | Reached skill level 4 in Charms
   867 | D:2      | Reached XP level 4. HP: 30/30 MP: 0/8
  1251 | D:3      | Noticed Grinder
  1460 | D:3      | Paralysed by Grinder for 7 turns
  1470 | D:3      | Paralysed by Grinder for 2 turns
  1479 | D:3      | Paralysed by Grinder for 2 turns
  1480 | D:3      | Slain by Grinder

Action                   |  1- 3 |  4- 6 || total
-------------------------+-------+-------++-------
Melee: Falchion          |    16 |       ||    16
       Dagger            |   102 |    38 ||   140
 Cast: Infusion          |     8 |     1 ||     9
       Shroud of Golubri |     3 |     3 ||     6
       Regeneration      |     1 |     1 ||     2
  Use: Potion            |       |     6 ||     6
 Stab: Sleeping          |     2 |     1 ||     3
  Eat: Chunk             |       |     1 ||     1
